 Dungeon Crawl Stone Soup version 0.32-a0-898-g7811c86cf0 (webtiles) character file.

Game seed: 17630417657247979090

3665 DEFE the Cleaver (level 10, -2/70 HPs)
             Began as a Coglin Fighter on Apr 4, 2024.
             Was an Elder of Okawaru.
             Slain by Joseph
             ... wielding a +0 quarterstaff
              (7 damage)
             ... on level 9 of the Dungeon.
             The game lasted 00:08:21 (8593 turns).

DEFE the Cleaver (Coglin Fighter)                   Turns: 8593, Time: 00:08:21

Health: -2/70      AC:  8    Str: 18 (21) XL:     10   Next: 12%
Magic:  15/15      EV:  9    Int:  6 (8)  God:    Okawaru [****..]
Gold:   311        SH:  0    Dex: 12 (13) Spells: 9/9 levels left

rFire   + . .        s - +3 hand axe {Qiuyue}
rCold   . . .        C - +3 war axe {Yae}
rNeg    . . .        y - +2 ring mail {rF+}
rPois   .            d - +0 helmet
rElec   .            (no cloak)
rCorr   .            (no gloves)
SInv    .            (no boots)
Will    .....        (amulet unavailable)
Stlth   +            (ring unavailable)
HPRegen 0.31/turn    (ring unavailable)
MPRegen 0.14/turn    (no gizmo)

%: no passive effects
@: attractive, revved
A: off-hand wielding, slow wielding, warmup strikes, no jewellery
a: Invent Gizmo, Renounce Religion, Heroism, Finesse


You were on level 9 of the Dungeon.
You worshipped Okawaru.
Okawaru was greatly pleased with you.
You visited 1 branch of the dungeon, and saw 9 of its levels.

You collected 311 gold pieces.

Inventory:

Hand Weapons
 a - a +0 war axe {Kannika}
 e - a +0 hand axe {Kun}
 l - a +1 hand axe {Suphaphon}
 s - a +3 hand axe (weapon) {Qiuyue}
 C - a +3 war axe (offhand) {Yae}
Armour
 b - a +0 scale mail
 c - a +0 buckler
 d - a +0 helmet (worn)
 j - a +3 leather armour
 t - the +5 robe of Misfortune {Harm *Corrode *Slow EV+5}
   (You found it on level 4 of the Dungeon)

   EV+5:      It affects your evasion (+5).
   *Corrode:  It may corrode you when you take damage.
   *Slow:     It may slow you when you take damage.
   Harm:      It increases damage dealt and taken.
 y - a +2 ring mail of fire resistance (worn)
Wands
 x - a wand of flame (3)
 D - a wand of polymorph (9)
Scrolls
 f - a scroll of noise
 g - 2 scrolls of enchant weapon
 i - 3 scrolls of brand weapon
 p - 2 scrolls of immolation {unknown}
 r - 3 scrolls of teleportation
 u - a scroll of torment {unknown}
 v - 2 scrolls of blinking {unknown}
 w - 3 scrolls of fear
 z - 2 scrolls of poison
 A - 2 scrolls of revelation
Potions
 h - a potion of degeneration
 k - 2 potions of haste {unknown}
 m - 2 potions of invisibility {unknown}
 n - a potion of lignification {unknown}
 o - 2 potions of cancellation {unknown}
 q - 2 potions of attraction


   Skills:
 - Level 3.0 Fighting
 + Level 10.5 Axes
 - Level 2.6 Armour
 - Level 2.1 Shields
 + Level 7.7 Invocations
 - Level 4.0 Evocations


You had 9 spell levels left.
You didn't know any spells.
Your spell library contained the following spells:

 Spells                   Type           Power      Damage    Failure   Level
 Apportation              Tloc           0%         N/A       65%         1
 Magic Dart               Conj           0%         1d3       65%         1
 Necrotise                Necr           0%         1d4       65%         1
 Sting                    Conj/Alch      0%         1d3       65%         1
 Lesser Beckoning         Tloc           0%         N/A       78%         2
 Mercury Vapours          Alch/Air       0%         N/A       78%         2
 Searing Ray              Conj           0%         2d4       78%         2
 Maxwell's Portable Pile  Tloc           0%         2d(5-13)  95%         3
 Mephitic Cloud           Conj/Alch/Air  0%         N/A       95%         3
 Stone Arrow              Conj/Erth      0%         3d7       95%         3
 Teleport Other           Tloc           0%         N/A       95%         3
 Fulminant Prism          Conj/Alch      0%         3d5       100%        4
 Freezing Cloud           Conj/Ice/Air   0%         6-21      100%        5
 Lehudib's Crystal Spear  Conj/Erth      0%         10d2      100%        8
 Summon Small Mammal      Summ           Unusable   N/A       N/A         1
 Animate Armour           Summ/Erth      Unusable   N/A       N/A         4

Dungeon Overview and Level Annotations

Branches:
Dungeon (9/15)             Temple (0/1) D:6            Lair (0/5) D:8
    Orc: D:9-12

Altars:
Fedhas
Gozag
Kikubaaqudgha
Nemelex Xobeh
Okawaru
Ru
Sif Muna
Uskayaw
Wu Jian
Xom
Yredelemnul
Zin

Annotations:
D:3 2 transporters, Goblin1989's ghost, amateur DsBr
D:8 2 transporters
D:9 Grum; Joseph


Innate Abilities, Weirdness & Mutations

You can wield a second weapon in your off-hand.
It takes a long time for you to wield or remove held weapons.
Your first few attacks do less damage.
You cannot equip rings or amulets.


Message History

You closely miss Joseph with your +3 war axe.
You hit the wolf with your +3 war axe. Joseph barely misses you.
The wolf bites you.
Unknown command.
You hit Joseph but do no damage.
Joseph is moderately wounded.
You hit the wolf with your +3 hand axe.
You closely miss Joseph with your +3 war axe.
You hit the wolf with your +3 war axe.
You kill the wolf!
Okawaru accepts your kill. Joseph closely misses you.
You slash Joseph with your +3 hand axe!
Joseph is moderately wounded.
You hit the wolf with your +3 hand axe. You slash Joseph with your +3 war axe!
You barely miss the wolf with your +3 war axe.
The wolf bites you. Joseph hits you with a +0 quarterstaff! The wolf bites you.
* * * LOW HITPOINT WARNING * * *
Unknown command.
Unknown command.
You feel better. The wolf bites you.
Grum hits you from afar with a +0 spear!
* * * LOW HITPOINT WARNING * * *
Joseph hits you but does no damage. The wolf bites you.
* * * LOW HITPOINT WARNING * * *
Unknown command.
You feel better.
Grum hits you from afar with a +0 spear.
* * * LOW HITPOINT WARNING * * *
The wolf barely misses you. Joseph completely misses you.
Unknown command.
It was a potion of degeneration.
There was something very wrong with that liquid.
You feel weakened.
You feel dopey.
You feel clumsy. The wolf bites you.
* * * LOW HITPOINT WARNING * * *
Grum hits you from afar with a +0 spear.
* * * LOW HITPOINT WARNING * * *
Joseph hits you with a +0 quarterstaff!
You die...

(......
.......#
.......#
.....#
....# #..#
#.@#####...
#..@hg.....
#.(#####...
#..# #..#
#..# #..#
#.<# #..#
#..#


You could see Joseph, Grum and a wolf.

Vanquished Creatures
  Grinder (D:5)
  Prince Ribbit (D:6)
  A wyvern (D:8)
  Eustachio (D:5)
  A yak (D:8)
  A steam dragon (D:8)
  Edmund (D:5)
  2 black bears
  An orc warrior (D:8)
  A sky beast (D:7)
  A hornet zombie (D:6)
  4 ogres
  2 wolves (D:9)
  A centaur (D:8)
  2 phantoms
  3 bullfrogs (D:8)
  4 scorpions
  4 wights (D:6)
  2 howler monkeys (D:7)
  2 jellies
  A bombardier beetle (D:5)
  2 centaur zombies (D:6)
  3 orc priests
  A hound (D:6)
  2 sleepcaps
  2 orc wizards
  An iguana (D:6)
  2 killer bee zombies (D:6)
  Robin (D:2)
  A howler monkey zombie (D:6)
  7 gnolls
  5 adders
  A shadow imp (D:4)
  A white imp (D:5)
  6 dart slugs
  4 ribbon worms
  14 orcs
  6 bats
  8 endoplasms
  2 giant cockroaches (D:4)
  14 hobgoblins
  5 jackals
  6 kobolds
  5 quokkas
  9 ball pythons
  4 frilled lizards (D:1)
  11 goblins
  6 rats
166 creatures vanquished.

Notes
Turn   | Place    | Note
-------+----------+-------------------------------------------
     0 | D:1      | DEFE the Coglin Fighter began the quest for the Orb.
     0 | D:1      | Reached XP level 1. HP: 18/18 MP: 1/1
    68 | D:1      | Reached XP level 2. HP: 24/24 MP: 2/2
   239 | D:1      | Reached skill level 3 in Axes
   662 | D:1      | Reached XP level 3. HP: 29/29 MP: 3/3
   978 | D:2      | Found an iron altar of Okawaru.
   985 | D:2      | Became a worshipper of Warmaster Okawaru
  1249 | D:2      | Reached skill level 4 in Axes
  1384 | D:2      | Noticed Robin
  1397 | D:2      | Reached XP level 4. HP: 20/35 MP: 4/4
  1406 | D:2      | Killed Robin
  1792 | D:3      | Found a transporter.
  1794 | D:3      | Noticed Goblin1989's ghost (amateur DsBr)
  1831 | D:3      | Found a transporter.
  1921 | D:3      | Reached XP level 5. HP: 39/41 MP: 5/5
  2202 | D:3      | Reached skill level 1 in Invocations
  2212 | D:3      | Found an ornate altar of the Wu Jian Council.
  2789 | D:4      | Reached skill level 5 in Axes
  2876 | D:4      | Reached XP level 6. HP: 42/47 MP: 7/7
  3018 | D:4      | Found the +5 robe of Misfortune {Harm *Corrode *Slow EV+5}
  3059 | D:4      | Noticed a black bear
  3067 | D:4      | Killed a black bear
  3067 | D:4      | Reached * piety under Okawaru
  3267 | D:4      | Found an opulent altar of Gozag.
  3372 | D:4      | Reached skill level 6 in Axes
  3557 | D:4      | Found a sacrificial altar of Ru.
  3557 | D:4      | Found a sparkling altar of Nemelex Xobeh.
  3558 | D:4      | Found a blossoming altar of Fedhas.
  3660 | D:4      | Reached XP level 7. HP: 52/52 MP: 9/9
  3781 | D:4      | Found a shimmering blue altar of Sif Muna.
  3836 | D:5      | Entered Level 5 of the Dungeon
  3836 | D:5      | Noticed Eustachio
  3842 | D:5      | Killed Eustachio
  3978 | D:4      | Reached ** piety under Okawaru
  4292 | D:5      | Reached skill level 7 in Axes
  4366 | D:5      | Reached XP level 8. HP: 48/58 MP: 11/11
  4418 | D:5      | Noticed Edmund
  4423 | D:5      | Killed Edmund
  4628 | D:5      | Noticed Grinder
  4638 | D:5      | Killed Grinder
  4639 | D:5      | Reached skill level 5 in Invocations
  4647 | D:5      | Reached skill level 8 in Axes
  4984 | D:5      | Reached *** piety under Okawaru
  4985 | D:5      | Reached skill level 1 in Evocations
  5238 | D:6      | Noticed Prince Ribbit
  5248 | D:6      | Killed Prince Ribbit
  5249 | D:6      | Reached XP level 9. HP: 36/63 MP: 10/13
  6052 | D:6      | Found a basalt altar of Yredelemnul.
  6059 | D:6      | Found a staircase to the Ecumenical Temple.
  6421 | D:6      | Reached skill level 9 in Axes
  6624 | D:6      | Found a glowing silver altar of Zin.
  6925 | D:7      | Reached **** piety under Okawaru
  7418 | D:8      | Found a shimmering altar of Xom.
  7506 | D:8      | Found a transporter.
  7506 | D:8      | Found a transporter.
  7508 | D:8      | Noticed a boulder beetle
  8059 | D:8      | Found a hide-covered altar of Uskayaw.
  8149 | D:8      | Reached skill level 10 in Axes
  8185 | D:8      | Noticed a komodo dragon
  8378 | D:8      | Reached XP level 10. HP: 64/70 MP: 13/15
  8461 | D:8      | Found an ancient bone altar of Kikubaaqudgha.
  8518 | D:8      | Noticed an elephant
  8530 | D:8      | Found a staircase to the Lair.
  8580 | D:9      | Noticed Joseph
  8581 | D:9      | Noticed Grum
  8593 | D:9      | Slain by Joseph

Illustrated notes

Levels and vault maps discovered:
D:1:      onia_arrival_pentagram, layout_basic, grunt_decor_fettered
D:2:      layout_loops_cross, basic_altar, uniq_robin
D:3:      layout_basic, nicolae_overflow_crystal_walls,
          gammafunk_ghost_mausoleum, reono_crystal_passage
D:4:      layout_basic, marbit_many_paths, lemuel_coloured_pillars_altar,
          gammafunk_temple_overflow_claw
D:5:      layout_cave_pools, kennysheep_pointless_box, uniq_eustachio,
          uniq_edmund, uniq_grinder
D:6:      layout_basic, nicolae_yredelemnul_corpse_copse, zin_statuary,
          temple_pool_b, serial_corexii_hall, corexii_hall_statues_l,
          corexii_hall_statues_s, chequers_hall_statues_y,
          corexii_hall_statues_i, uniq_prince_ribbit1
D:7:      layout_cave_pools, minmay_statues_item
D:8:      gammafunk_boulding_lane, layout_loops_ring, xom_teletrap_fun,
          mainiacjoe_overflow_brackets, lemuel_doored_altar,
          grunt_lair_entry_orc_guard_hut, nrook_loot_triangle,
          patterned_corridor
D:9:      cheibrodos_grave_circle, layout_long_grid, minmay_door_square,
          uniq_grum, uniq_jeremiah, uniq_joseph

Skill      XL: |  1  2  3  4  5  6  7  8  9 |
---------------+----------------------------+-----
Axes           | 3 4 5 6 7 8 10 | 10.5
Invocations    | 2 3 4 5 7 |  7.7
Evocations     | 3 4 |  4.0
Fighting       | |  3.0
Armour         | |  2.6
Shields        | |  2.1

Action                     |  1- 3 |  4- 6 |  7- 9 | 10-12 || total
---------------------------+-------+-------+-------+-------++-------
  Melee: War axe           |   115 |   153 |   135 |    14 ||   417
         Hand axe          |       |     1 |   282 |    13 ||   296
 Invoke: Heroism           |       |     1 |     3 |       ||     4
  Evoke: Wand              |       |       |    21 |       ||    21
    Use: Potion            |     1 |     3 |       |     4 ||     8
         Scroll            |       |     4 |     3 |       ||     7
   Stab: Sleeping          |       |     2 |       |       ||     2
 Armour: Scale mail        |    66 |       |       |       ||    66
         Leather armour    |    33 |   130 |    19 |       ||   182
         Ring mail         |       |       |   137 |    26 ||   163
  Dodge: Dodged            |    66 |    78 |   105 |    11 ||   260
  Block: Buckler           |    35 |    33 |       |       ||    68

Table legend: (Time is in decaauts)
 A = Elapsed time spent in this place.
 B = Non-inter-level travel time spent in this place.
 C = Inter-level travel time spent in this place.
 D = Time resting spent in this place.
 E = Time spent auto-exploring this place.
 F = Levels seen in this place.
 G = Mean time per level.
                   A        B        C        D        E       F      G
               +--------+--------+--------+--------+--------+-----+--------+
         Total |   8659 |   8457 |    202 |   2309 |   4785 |   9 |  962.1 |
       Dungeon |   8659 |   8457 |    202 |   2309 |   4785 |   9 |  962.1 |
               +--------+--------+--------+--------+--------+-----+--------+

Top non-repeatable levels by time:
     D:5: 1670 daAuts
     D:4: 1517 daAuts
     D:6: 1136 daAuts
     D:8: 1125 daAuts
     D:3: 930 daAuts
     D:2: 878 daAuts
     D:1: 800 daAuts
     D:7: 583 daAuts
     D:9: 16 daAuts
